 Dungeon Crawl Stone Soup version 0.21-a0-444-g29a2fec (webtiles) character file.

34528 Goblin1989 the Blocker (level 13, -3/104 HPs)
             Began as a Gnoll Fighter on Nov 17, 2017.
             Was an Initiate of Gozag.
             Slain by an ettin
             ... wielding a +1 dire flail of crushing
              (30 damage)
             ... on level 10 of the Dungeon.
             The game lasted 00:56:21 (15394 turns).

Goblin1989 the Blocker (Gnoll Fighter)             Turns: 15394, Time: 00:56:21

Health: -3/104     AC: 24    Str: 22    XL:     13   Next: 78%
Magic:  25/25      EV: 15    Int: 13    God:    Gozag
Gold:   847        SH: 13    Dex: 17    Spells: 23/28 levels left

rFire    + . .     SeeInvis .   a - +3 whip (elec)
rCold    . . .     Gourm    .   c - +0 shield
rNeg     + . .     Faith    .   y - +10 scale mail of Oskyse {Slay+5}
rPois    .         Spirit   .   C - +2 hat of Wu Jian's Approval {rF+ rN+}
rElec    .         Reflect  .   L - scarf {cloud immunity}
rCorr    .         Harm     .   G - +1 pair of gloves {archery}
MR       .....                  N - +0 pair of boots
Stlth    +++.......             r - amulet of regeneration
HPRegen  0.67/turn              l - ring of flight
MPRegen  0.19/turn              E - +3 ring of dexterity

@: no status effects
A: distributed training, fangs 1, strong nose
a: Potion Petition, Call Merchant, Bribe Branch, Renounce Religion, Evoke Flight


You were on level 10 of the Dungeon.
You worshipped Gozag.
Gozag was pleased with you.
You were very hungry.

You visited 3 branches of the dungeon, and saw 17 of its levels.
You also visited: Ossuary and Volcano.

You collected 4137 gold pieces.
You spent 890 gold pieces at shops.
You paid 2400 gold pieces to Gozag.

Inventory:

Hand Weapons
 a - a +3 whip of electrocution (weapon)
 b - a +2 fustibalus of flaming
Missiles
 j - 150 sling bullets
 p - 364 stones (quivered)
 M - 5 needles of frenzy
 S - 96 bolts
 X - 88 poisoned needles
 Z - 3 throwing nets {!d}
Armour
 c - a +0 shield (worn)
 y - the +10 scale mail of Oskyse (worn) {Slay+5}
   (You found it on level 4 of the Dungeon)

   It affects your accuracy and damage with ranged weapons and melee attacks
   (+5).
 C - the +2 hat of Wu Jian's Approval (worn) {rF+ rN+}
   (You bought it in a shop on level 4 of the Dungeon)

   It protects you from fire.
   It protects you from negative energy.
 G - a +1 pair of gloves of archery (worn)
 L - a scarf of cloud immunity (worn)
 N - a +0 pair of boots (worn)
 V - the +0 pair of gloves "Mompuemi" {rCorr Int+7}
   (You found it on level 5 of the Lair of Beasts)

   It affects your intelligence (+7).
   It protects you from acid and corrosion.
Jewellery
 l - a ring of flight (left hand)
 r - an amulet of regeneration (around neck)
 E - a +3 ring of dexterity (right hand)
Wands
 v - a wand of scattershot (5/9)
 A - a wand of acid (10/15)
 I - a wand of iceblast (6/15)
 K - a wand of flame (20/48)
 P - a wand of paralysis (11/24)
Scrolls
 g - 9 scrolls of teleportation {unknown}
 m - a scroll of fog
 o - 3 scrolls of enchant armour
 t - 3 scrolls of recharging
 w - 7 scrolls of remove curse {@r2}
 x - a scroll of summoning {unknown}
 B - a scroll of blinking
 D - a scroll of brand weapon
 Q - 2 scrolls of immolation
 R - a scroll of identify {@r1}
Potions
 d - 4 potions of cancellation
 h - 10 potions of curing {unknown}
 i - a potion of haste {@q3, !q}
 k - 5 potions of agility
 u - 5 potions of flight
 z - 2 potions of mutation {!q}
 F - 2 potions of lignification
 H - 2 potions of invisibility
 T - a potion of berserk rage
 W - 3 potions of heal wounds {@q2, !q}
 Y - 3 potions of ambrosia
Comestibles
 e - 12 bread rations {@e1}
 J - 11 royal jellies
 O - 10 meat rations {@e2}
 U - 6 fruits


   Skills:
 + Level 10.6 Fighting
 + Level 8.4 Short Blades
 + Level 8.4 Long Blades
 + Level 8.4 Axes
 + Level 9.6 Maces & Flails
 + Level 8.4 Polearms
 + Level 8.4 Staves
 + Level 8.4 Slings
 + Level 8.4 Bows
 + Level 8.4 Crossbows
 + Level 8.4 Throwing
 + Level 10.6 Armour
 + Level 8.4 Dodging
 + Level 8.4 Stealth
 + Level 10.6 Shields
 + Level 8.4 Unarmed Combat
 + Level 8.4 Spellcasting
 + Level 7.0 Conjurations
 + Level 7.0 Hexes
 + Level 7.0 Charms
 + Level 7.0 Summonings
 + Level 7.0 Necromancy
 + Level 7.0 Translocations
 + Level 7.0 Transmutations
 + Level 7.0 Fire Magic
 + Level 7.0 Ice Magic
 + Level 7.0 Air Magic
 + Level 7.0 Earth Magic
 + Level 7.0 Poison Magic
 + Level 9.2 Invocations
 + Level 8.4 Evocations


You had 23 spell levels left.
You knew the following spells:

 Your Spells              Type           Power        Failure   Level  Hunger
a - Lesser Beckoning      Tloc           ###.......   9%          3    ##.....
o - Apportation           Tloc           ###...       2%          1    None
B - Summon Butterflies    Summ           ###.....     2%          1    None


Dungeon Overview and Level Annotations

Branches:
Dungeon (10/15)            Temple (0/1) D:4            Lair (6/6) D:10
  Swamp (0/4) Lair:2       Spider (0/4) Lair:4          Orc (1/2) D:10
  Slime: Lair:5-6

Altars:
Cheibriados
Dithmenos
Elyvilon
Fedhas
Gozag
Hepliaklqana
Nemelex Xobeh
Qazlal
Ru
Sif Muna
Vehumet
Yredelemnul
Zin

Shops:
D:4 *}%[[([(   D:9 =


Innate Abilities, Weirdness & Mutations

Your experience applies equally to all skills.
You have very sharp teeth.
Your uncanny sense of smell can sniff out nearby items.


Message History

No target in view!
No target in view!
No target in view!
No target in view!
No target in view!
No target in view!
No target in view!
No target in view!
No target in view!
No target in view!
No target in view!
No target in view!
No target in view!
No target in view!
No target in view!
No target in view!
No target in view!
No target in view!
An ettin comes into view.
It is wielding a dire flail of crushing and a dire flail.
The orc warrior shouts!
The ettin shouts in stereo!
Items here: $ ))) [ 19 gold pieces; a short sword; a dagger of speed; a robe; an enchanted hand axe You start waiting.
The orc knight shouts!
You hear a shout!
The orc warrior barely misses you.
You hit the orc warrior.
You bite the orc warrior, but do no damage.
The orc warrior is almost dead.
You hit the orc warrior.
The orc warrior is almost dead.
You hit the orc warrior.
You kill the orc warrior!
The orc priest barely misses you.
You barely miss the orc priest. Your bite misses the orc priest.
You whack the orc priest!
Lightning courses through the orc priest!
You kill the orc priest!
You block the ettin's attack. The ettin hits you but does no damage.
The orc priest looks satisfied for a moment.
Items here: $ ))) [ 25 gold pieces; a short sword; a dagger of speed; a robe; an enchanted hand axe You whack the ettin!
Lightning courses through the ettin!
The ettin is moderately wounded.
The ettin hits you with a dire flail of crushing!!
The ettin hits you with a dire flail!!
* * * LOW HITPOINT WARNING * * *
You are too injured to fight recklessly!
You are too injured to fight recklessly!
You are too injured to fight recklessly!
You take 65 damage, and have 39/104 hp.
MASSIVE DAMAGE!!
You are too injured to fight recklessly!
You are too injured to fight recklessly!
You are too injured to fight recklessly!
You are too injured to fight recklessly!
You are too injured to fight recklessly!
You are too injured to fight recklessly!
You are too injured to fight recklessly!
You are too injured to fight recklessly!
You are too injured to fight recklessly!
You are too injured to fight recklessly!
You are too injured to fight recklessly!
You are too injured to fight recklessly!
You are too injured to fight recklessly!
You are too injured to fight recklessly!
You are too injured to fight recklessly!
You are too injured to fight recklessly!
You are too injured to fight recklessly!
You are too injured to fight recklessly!
Unknown command.
Items here: $ )) [ 6 gold pieces; a flail; a plate armour; a dagger The orc knight roars a battlecry!
The orc priest goes into a battle-frenzy!
The orc priest invokes the aid of Beogh against you.
Beogh smites you!
* * * LOW HITPOINT WARNING * * *
You take 9 damage, and have 33/104 hp.
The orc knight unwields an uncursed war axe.
The orc knight wields an arbalest.
The orc knight shoots a bolt.
The bolt barely misses you.
You see here a bolt.
There is a staircase back to the Dungeon here.
You block the ettin's attack. The ettin hits you with a dire flail!!
* * * LOW HITPOINT WARNING * * *
You climb upwards.
Welcome back to the Dungeon!
There is a staircase to the Orcish Mines here.
You take 30 damage, and have 14/104 hp.
MASSIVE DAMAGE!!
Really quaff
W - 5 potions of heal wounds {@q2, !q}?
You feel much better.
You regained 24 hp, and now have 39/104 hp.
The ettin hits you with a dire flail of crushing!!
* * * LOW HITPOINT WARNING * * *
x2 You block the ettin's attack.
You take 37 damage, and have 2/104 hp.
MASSIVE DAMAGE!!
There is an open door here.
Really quaff
W - 4 potions of heal wounds {@q2, !q}?
You feel much better.
The ettin hits you with a dire flail of crushing!!
You die...
Your body crumbles into a pile of gold.

███ ███ ███ ███
███████8███.███8███8██
█≈≈≈.█...█...█...█...█
█≈≈..█................
█≈>.C@................
█§§..█...............[
█§§≈.█...█...█...█...█
███████8███8███.███.██


████████████████ █........███.... █.........██.... ██████..█.███.██ ██.█.....██
You could see an ettin.

Vanquished Creatures
  4 hydras
  A two-headed ogre (D:8)
  A catoblepas (Lair:3)
  A death yak (Lair:4)
  The ghost of soepske the Blocker, a novice GnFi of Sif Muna (D:7)
  2 unseen horrors (D:10)
  A hell knight (Volcano)
  The ghost of Qupu the Jinx, a novice FeCK of Xom (Volcano)
  An obsidian statue (Volcano)
  The ghost of paddytheiceman the Cutter, a novice DrBe of Trog (D:6)
  Joseph (D:8)
  Psyche (D:9)
  A centaur zombie (D:10)
  3 black mambas
  A torpor snail (Lair:4)
  4 spiny frogs
  4 komodo dragons
  A polar bear (Lair:5)
  A queen bee (Lair:2)
  6 blink frogs
  7 hippogriffs
  Sigmund (D:3)
  A spriggan (D:7)
  A wraith (Ossuary)
  5 fire bats (Volcano)
  A fire elemental (Lair:2)
  2 basilisks
  46 yaks
  The ghost of theanonym the Chopper, an amateur FoAK of Lugonu (Ossuary)
  2 hungry ghosts
  2 vampire mosquitoes (Lair:2)
  7 water moccasins
  6 porcupines
  13 orc warriors
  5 sky beasts
  7 ogres
  2 phantoms
  5 centaurs
  A necrophage (D:8)
  14 wolves
  3 crocodiles
  16 bullfrogs
  A wyvern zombie (D:10)
  4 scorpions
  29 killer bees
  6 electric eels
  6 howler monkeys
  2 crimson imps (D:10)
  7 lava snakes (Volcano)
  A bullfrog zombie (D:5)
  A jelly (D:5)
  5 hounds
  10 orc priests
  A bullfrog skeleton (D:8)
  2 centaur skeletons
  12 orc wizards
  2 iguanas
  6 worker ants
  3 hound skeletons
  A howler monkey zombie (D:8)
  3 mummies (Ossuary)
  12 gnolls
  8 adders
  An ooze (D:3)
  2 adder skeletons
  2 worms (D:2)
  5 dart slugs
  3 leopard geckos
  42 orcs
  2 ball pythons
  7 giant cockroaches
  3 goblins
  9 hobgoblins
  15 jackals
  3 quokkas
  6 bats
  A frilled lizard (D:1)
  4 hobgoblin zombies (Ossuary)
  A jackal skeleton (D:4)
  3 kobolds (D:2)
  3 kobold zombies (Ossuary)
  An orc zombie (Ossuary)
  14 rats
434 creatures vanquished.

Vanquished Creatures (others)
  2 two-headed ogres (Volcano)
  An ogre mage (Volcano)
  A kobold (D:2)
  A rat (D:2)
  8 fungi
  A plant (Lair:2)
14 creatures vanquished.

Grand Total: 448 creatures vanquished

Notes
Turn   | Place    | Note
-------+----------+-------------------------------------------
     0 | D:1      | Goblin1989 the Gnoll Fighter began the quest for the Orb.
     0 | D:1      | Reached XP level 1. HP: 23/23 MP: 1/1
   108 | D:1      | Reached XP level 2. HP: 28/29 MP: 2/2
   432 | D:1      | Reached XP level 3. HP: 34/35 MP: 3/3
   612 | D:2      | Found a white marble altar of Elyvilon.
   758 | D:2      | Found a sacrificial altar of Ru.
   937 | D:2      | Found a radiant altar of Vehumet.
   969 | D:2      | Reached skill level 1 in Invocations
  1073 | D:2      | Found a transporter.
  1075 | D:2      | Noticed a phantom
  1078 | D:2      | Found a transporter.
  1086 | D:2      | Noticed an ogre
  1086 | D:2      | Noticed a sky beast
  1089 | D:2      | Noticed a scorpion
  1093 | D:2      | Found a glowing silver altar of Zin.
  1124 | D:2      | Reached skill level 1 in Short Blades
  1124 | D:2      | Reached skill level 1 in Long Blades
  1124 | D:2      | Reached skill level 1 in Axes
  1124 | D:2      | Reached skill level 1 in Polearms
  1124 | D:2      | Reached skill level 1 in Staves
  1124 | D:2      | Reached skill level 1 in Slings
  1124 | D:2      | Reached skill level 1 in Bows
  1124 | D:2      | Reached skill level 1 in Crossbows
  1124 | D:2      | Reached skill level 1 in Throwing
  1124 | D:2      | Reached skill level 1 in Dodging
  1124 | D:2      | Reached skill level 1 in Stealth
  1124 | D:2      | Reached skill level 1 in Unarmed Combat
  1124 | D:2      | Reached skill level 1 in Spellcasting
  1124 | D:2      | Reached skill level 1 in Evocations
  1125 | D:2      | Reached XP level 4. HP: 41/41 MP: 5/5
  1570 | D:3      | Noticed Sigmund
  1580 | D:3      | Killed Sigmund
  1580 | D:3      | Reached skill level 1 in Conjurations
  1580 | D:3      | Reached skill level 1 in Hexes
  1580 | D:3      | Reached skill level 1 in Charms
  1580 | D:3      | Reached skill level 1 in Summonings
  1580 | D:3      | Reached skill level 1 in Necromancy
  1580 | D:3      | Reached skill level 1 in Translocations
  1580 | D:3      | Reached skill level 1 in Transmutations
  1580 | D:3      | Reached skill level 1 in Fire Magic
  1580 | D:3      | Reached skill level 1 in Ice Magic
  1580 | D:3      | Reached skill level 1 in Air Magic
  1580 | D:3      | Reached skill level 1 in Earth Magic
  1580 | D:3      | Reached skill level 1 in Poison Magic
  1580 | D:3      | Reached XP level 5. HP: 27/47 MP: 5/7
  1580 | D:3      | Reached XP level 6. HP: 30/53 MP: 5/8
  1599 | D:3      | Found a blossoming altar of Fedhas.
  2144 | D:3      | Found an opulent altar of Gozag.
  2629 | D:3      | Became a worshipper of Gozag Ym Sagoz the Greedy
  2657 | D:4      | Found a staircase to the Ecumenical Temple.
  2740 | D:4      | Reached skill level 5 in Maces & Flails
  2955 | D:4      | Got a translucent scale mail
  2962 | D:4      | Got a brightly glowing robe
  2973 | D:4      | Identified the +10 scale mail of Oskyse {Slay+5} (You found it on level 4 of the Dungeon)
  3094 | D:4      | Found Wiehabre's Armour Shoppe.
  3156 | D:4      | Found a sparkling altar of Nemelex Xobeh.
  3204 | D:4      | Reached XP level 7. HP: 59/59 MP: 10/10
  3297 | D:4      | Found Iweunog's General Store.
  3300 | D:4      | Bought a potion of heal wounds for 60 gold pieces
  3300 | D:4      | Bought a scroll of identify for 24 gold pieces
  3300 | D:4      | Bought a scroll of amnesia for 42 gold pieces
  3300 | D:4      | Bought a scroll of magic mapping for 42 gold pieces
  3300 | D:4      | Bought a potion of agility for 48 gold pieces
  3321 | D:4      | Found Dusar's Food Boutique.
  3423 | D:4      | Found Ruthreh's Armour Shoppe.
  3495 | D:4      | Found Egussabu's Gadget Shop.
  3700 | D:5      | Entered Level 5 of the Dungeon
  3796 | D:5      | Reached XP level 8. HP: 61/67 MP: 12/12
  3806 | D:5      | Found a snail-covered altar of Cheibriados.
  3875 | D:5      | Found a stormy altar of Qazlal.
  4140 | D:6      | Noticed paddytheiceman's ghost (novice DrBe)
  4375 | D:6      | Killed paddytheiceman's ghost
  4466 | D:6      | Reached XP level 9. HP: 68/72 MP: 14/14
  4775 | D:6      | Found a deep blue altar of Sif Muna.
  5020 | D:7      | Noticed soepske's ghost (novice GnFi)
  5153 | D:7      | Found a deep blue altar of Sif Muna.
  5234 | D:7      | Found a hazy altar of Hepliaklqana.
  5299 | D:7      | Found a sand-covered staircase.
  5309 | Ossuary  | Entered an ossuary
  5321 | Ossuary  | Noticed theanonym's ghost (amateur FoAK)
  5337 | Ossuary  | Goblin1989: !lg theanomym place=ossuary -log
  5337 | Ossuary  | beem: No games for theanomym (place=ossuary).
  5344 | Ossuary  | Killed theanonym's ghost
  5790 | D:7      | Reached skill level 5 in Invocations
  5863 | D:7      | Goblin1989: !lg soepske place=d: -log
  5863 | D:7      | beem: 179. soepske, XL9 GnFi, T:5394: http://crawl.xtahua.com/crawl/morgue/soepske/morgue-soepske-20171116-224327.txt
  5863 | D:7      | Goblin1989: !lg soepske place=d:7 -log
  5863 | D:7      | beem: 2. soepske, XL9 GnFi, T:5394: http://crawl.xtahua.com/crawl/morgue/soepske/morgue-soepske-20171116-224327.txt
  5863 | D:7      | Goblin1989: вот сейчас и посмотрим чей гнолл сильнее
  5876 | D:7      | Killed soepske's ghost
  5876 | D:7      | Reached XP level 10. HP: 39/80 MP: 15/17
  6031 | D:7      | Reached skill level 5 in Short Blades
  6031 | D:7      | Reached skill level 5 in Long Blades
  6031 | D:7      | Reached skill level 5 in Axes
  6031 | D:7      | Reached skill level 5 in Polearms
  6031 | D:7      | Reached skill level 5 in Staves
  6031 | D:7      | Reached skill level 5 in Slings
  6031 | D:7      | Reached skill level 5 in Bows
  6031 | D:7      | Reached skill level 5 in Crossbows
  6031 | D:7      | Reached skill level 5 in Throwing
  6031 | D:7      | Reached skill level 5 in Dodging
  6031 | D:7      | Reached skill level 5 in Stealth
  6031 | D:7      | Reached skill level 5 in Unarmed Combat
  6031 | D:7      | Reached skill level 5 in Spellcasting
  6031 | D:7      | Reached skill level 5 in Evocations
  6517 | D:8      | Noticed Joseph
  6541 | D:8      | Killed Joseph
  6579 | D:8      | Noticed a two-headed ogre
  6596 | D:8      | Killed a two-headed ogre
  7000 | D:8      | Found a basalt altar of Yredelemnul.
  7018 | D:8      | Found a shadowy altar of Dithmenos.
  7195 | D:9      | Noticed Psyche
  7201 | D:9      | Killed Psyche
  7201 | D:9      | Reached XP level 11. HP: 87/87 MP: 19/19
  7592 | D:9      | Found Souman's Jewellery Emporium.
  7821 | D:10     | Entered Level 10 of the Dungeon
  7821 | D:10     | Found a blossoming altar of Fedhas.
  7978 | D:10     | Found a staircase to the Lair.
  8092 | D:10     | Reached skill level 5 in Conjurations
  8092 | D:10     | Reached skill level 5 in Hexes
  8092 | D:10     | Reached skill level 5 in Charms
  8092 | D:10     | Reached skill level 5 in Summonings
  8092 | D:10     | Reached skill level 5 in Necromancy
  8092 | D:10     | Reached skill level 5 in Translocations
  8092 | D:10     | Reached skill level 5 in Transmutations
  8092 | D:10     | Reached skill level 5 in Fire Magic
  8092 | D:10     | Reached skill level 5 in Ice Magic
  8092 | D:10     | Reached skill level 5 in Air Magic
  8092 | D:10     | Reached skill level 5 in Earth Magic
  8092 | D:10     | Reached skill level 5 in Poison Magic
  8951 | D:10     | Killed an unseen horror
  9232 | D:10     | Found a staircase to the Orcish Mines.
  9357 | D:10     | Killed an unseen horror
  9357 | D:10     | Reached XP level 12. HP: 74/96 MP: 20/22
  9371 | Lair:1   | Entered Level 1 of the Lair of Beasts
  9538 | Lair:1   | Learned a level 1 spell: Apportation
  9542 | Lair:1   | Learned a level 3 spell: Lesser Beckoning
  9544 | Lair:1   | Learned a level 1 spell: Summon Butterflies
 10194 | Lair:2   | Noticed a five-headed hydra
 10198 | Lair:2   | Killed a five-headed hydra
 10204 | Lair:2   | Noticed a five-headed hydra
 10210 | Lair:2   | Killed a five-headed hydra
 10772 | Lair:2   | Found a staircase to the Swamp.
 10882 | Lair:2   | Noticed an eight-headed hydra
 10894 | Lair:2   | Killed an eight-headed hydra
 11010 | Lair:2   | Wingboner: Ня.
 11311 | Lair:2   | Goblin1989: приветы
 11311 | Lair:2   | Goblin1989: хотел взятьему окавару
 11311 | Lair:2   | Wingboner: Ну, евреюшка на него похож немного.
 11311 | Lair:2   | Wingboner: Только подаrочки покупать надо.
 11311 | Lair:2   | Goblin1989: ну да
 11311 | Lair:2   | Goblin1989: с ним прикольно играть
 11311 | Lair:2   | Goblin1989: скейл крутой
 11518 | Lair:3   | Noticed a catoblepas
 11551 | Lair:2   | Wingboner: Да, но у тебя дылда вместо ВСЕХ резистов.
 11551 | Lair:2   | Wingboner: И защита не так чтобы очень.
 11551 | Lair:2   | Wingboner: !streak dynast
 11551 | Lair:2   | Wingboner: Сила Гозага!
 11551 | Lair:2   | beem: dynast has 30 consecutive wins (NaWn, NaWn, NaWn, NaWn, NaWn, NaWn, NaWn, NaWn, NaWn, NaWn, NaWn, NaWn, NaWn, NaWn, NaWn, NaWn, NaWn, NaWn, NaWn, NaWn, NaWn, NaWn, NaWn, NaWn, NaWn, NaWn, NaWn, NaWn, NaWn, NaWn).
 11551 | Lair:2   | Goblin1989: Знаю
 11551 | Lair:2   | Goblin1989: я пробовал нагой вендером поиграть
 11551 | Lair:2   | Goblin1989: начало сложное слишком для меня
 11551 | Lair:2   | Goblin1989: но когда-нибудь я тоже так смогу
 11556 | Lair:2   | Reached skill level 10 in Fighting
 11556 | Lair:2   | Reached skill level 10 in Armour
 11556 | Lair:2   | Reached skill level 10 in Shields
 11902 | Lair:3   | Killed a catoblepas
 11902 | Lair:3   | Reached XP level 13. HP: 92/103 MP: 22/24
 12587 | Lair:4   | Found a hole to the Spider Nest.
 13106 | D:4      | Bought the +2 hat of Wu Jian's Approval {rF+ rN+} for 450 gold pieces
 13119 | D:4      | Bought a twisted mace for 224 gold pieces
 13119 | D:4      | Identified the +2 mace of Acuo {holy, Dex+3} (You bought it in a shop on level 4 of the Dungeon)
 13444 | Lair:5   | Got a pair of slimy gloves
 13482 | Lair:5   | Identified the +0 pair of gloves "Mompuemi" {rCorr Int+7} (You found it on level 5 of the Lair of Beasts)
 13487 | Lair:5   | Found a dark tunnel.
 13494 | Lair:5   | Upgraded the game from 0.21-a0-442-g848f44b to 0.21-a0-444-g29a2fec
 13498 | Volcano  | Entered a volcano
 13532 | Volcano  | Noticed Qupu's ghost (novice FeCK)
 13794 | Volcano  | Killed Qupu's ghost
 14043 | Volcano  | Found a radiant altar of Vehumet.
 14927 | Lair:6   | Entered Level 6 of the Lair of Beasts
 15109 | Orc:1    | Entered Level 1 of the Orcish Mines
 15354 | Orc:1    | Noticed an ettin
 15392 | D:10     | HP: 2/104 [ettin/dire flail of crushing (8)]
 15394 | D:10     | Slain by an ettin

Vault maps used:
D:1:      onia_arrival_larder
D:2:      overflow_temple_1_default, fiery_altar_vehumet,
          gammafunk_temple_overflow_arena, nicolae_ru_path_of_blood
D:3:      grunt_gozag_breadcrumbs, marbit_many_paths, first_bread, uniq_sigmund
D:4:      lemuel_crystal_altar, temple_hall, serial_shops, shop_statue,
          kennysheep_mini_moat, nicolae_shop_crystal, kennysheep_little_box,
          shop, minmay_misc_feat_cross
D:5:      lemuel_crystal_altar, lemuel_crystal_altar
D:6:      old_standard_altar, grunt_ministairs_11, amethyst_killhole
D:7:      kennysheep_orc_sif_temple, lemuel_doored_altar,
          nicolae_ossuary_entry_ruins, the_bakery
D:8:      lemuel_crystal_altar, lemuel_round_altar, uniq_joseph
D:9:      serial_shops, nicolae_shop_statue_plus, nicolae_water_bricks,
          uniq_psyche
D:10:     argonaut_augean_stables, grunt_lair_entry_orc_guard_hut, david_orc_4,
          fedhas_altar_3
Lair:1:   infiniplex_staircase_pool
Lair:2:   minmay_swamp_entry_swarm, special_room, grunt_megastairs_1
Lair:3:   st_stairs_6
Lair:4:   spider_nest_entry_web_field, lemuel_fruit_tree,
          infiniplex_staircase_pool_2, minmay_lair_oklob_chamber
Lair:5:   nicolae_volcano_entry_two_sided, minivault_27, serial_bayou_shore_a
Lair:6:   minmay_lair_end_frog_pond, dpeg_slime_entry_enclosed_altar
Orc:1:    uniq_harold, uniq_nergalle
Ossuary:  ossuary_kennysheep_city_of_the_dead
Volcano:  volcano_grotto

Skill      XL: |  1  2  3  4  5  6  7  8  9 10 11 12 13 |
---------------+----------------------------------------+-----
Invocations    | 1 2 3 4 5 6 7 8 9 |  9.2
Short Blades   | 1 2 3 4 5 6 7 8 |  8.4
Long Blades    | 1 2 3 4 5 6 7 8 |  8.4
Axes           | 1 2 3 4 5 6 7 8 |  8.4
Polearms       | 1 2 3 4 5 6 7 8 |  8.4
Staves         | 1 2 3 4 5 6 7 8 |  8.4
Slings         | 1 2 3 4 5 6 7 8 |  8.4
Bows           | 1 2 3 4 5 6 7 8 |  8.4
Crossbows      | 1 2 3 4 5 6 7 8 |  8.4
Throwing       | 1 2 3 4 5 6 7 8 |  8.4
Dodging        | 1 2 3 4 5 6 7 8 |  8.4
Stealth        | 1 2 3 4 5 6 7 8 |  8.4
Unarmed Combat | 1 2 3 4 5 6 7 8 |  8.4
Spellcasting   | 1 2 3 4 5 6 7 8 |  8.4
Evocations     | 1 2 3 4 5 6 7 8 |  8.4
Conjurations   | 1 2 3 4 5 6 7 |  7.0
Hexes          | 1 2 3 4 5 6 7 |  7.0
Charms         | 1 2 3 4 5 6 7 |  7.0
Summonings     | 1 2 3 4 5 6 7 |  7.0
Necromancy     | 1 2 3 4 5 6 7 |  7.0
Translocations | 1 2 3 4 5 6 7 |  7.0
Transmutations | 1 2 3 4 5 6 7 |  7.0
Fire Magic     | 1 2 3 4 5 6 7 |  7.0
Ice Magic      | 1 2 3 4 5 6 7 |  7.0
Air Magic      | 1 2 3 4 5 6 7 |  7.0
Earth Magic    | 1 2 3 4 5 6 7 |  7.0
Poison Magic   | 1 2 3 4 5 6 7 |  7.0
Maces & Flails | 5 6 7 8 9 |  9.6
Fighting       | 7 8 9 10 | 10.6
Armour         | 7 8 9 10 | 10.6
Shields        | 7 8 9 10 | 10.6

Action                   |  1- 3 |  4- 6 |  7- 9 | 10-12 | 13-15 || total
-------------------------+-------+-------+-------+-------+-------++-------
Melee: Flail             |   131 |   105 |   150 |       |       ||   386
       Bite              |    11 |    11 |    29 |   128 |    56 ||   235
       Whip              |       |       |   112 |   773 |   304 ||  1189
 Fire: Hunting sling     |       |       |       |     5 |       ||     5
       Fustibalus        |       |       |       |       |    39 ||    39
 Cast: Summon Butterflie |       |       |       |     2 |       ||     2
       Lesser Beckoning  |       |       |       |       |     1 ||     1
Invok: Call Merchant     |       |       |       |       |     3 ||     3
Evoke: Wand              |       |       |       |    12 |    17 ||    29
  Use: Potion            |       |     1 |     2 |     3 |     5 ||    11
       Scroll            |       |       |     6 |     6 |    13 ||    25
 Stab: Sleeping          |       |       |     1 |     8 |     1 ||    10
       Paralysed         |       |       |       |    14 |       ||    14
       Distracted        |       |       |       |     8 |       ||     8
  Eat: Chunk             |     1 |     5 |       |       |       ||     6
       Royal jelly       |       |       |     4 |     2 |     6 ||    12
       Bread ration      |       |       |     1 |     2 |       ||     3
       Fruit             |       |       |     3 |     3 |       ||     6
Armor: Scale mail        |    53 |    31 |    90 |   248 |    78 ||   500
Dodge: Dodged            |    34 |    40 |    54 |   291 |   130 ||   549
Block: Shield            |    76 |    53 |   124 |   397 |   160 ||   810

Table legend:
 A = Spawn XP
 B = Non-spawn XP
 C = Spawn XP percentage of total XP
 D = Spawn monster count
 E = Non-spawn monster count
 F = Spawn count percentage of total count
 G = Total turns spent on level
                    A         B        C        D         E        F      G
               +---------+---------+-------+---------+---------+-------+---------
         Total |       0 |   49326 |   0.0 |       0 |     434 |   0.0 | 15394
               +---------+---------+-------+---------+---------+-------+---------
           D:1 |       0 |      38 |   0.0 |       0 |      24 |   0.0 |   585
           D:2 |       0 |     528 |   0.0 |       0 |      31 |   0.0 |  1161
           D:3 |       0 |     257 |   0.0 |       0 |      13 |   0.0 |  1150
           D:4 |       0 |     495 |   0.0 |       0 |      29 |   0.0 |  1142
           D:5 |       0 |     536 |   0.0 |       0 |      19 |   0.0 |   634
           D:6 |       0 |    1072 |   0.0 |       0 |      10 |   0.0 |  1124
           D:7 |       0 |    2785 |   0.0 |       0 |      31 |   0.0 |   796
           D:8 |       0 |    3075 |   0.0 |       0 |      26 |   0.0 |   962
           D:9 |       0 |     815 |   0.0 |       0 |      11 |   0.0 |   683
          D:10 |       0 |    8472 |   0.0 |       0 |      62 |   0.0 |  1150
        Lair:1 |       0 |    1547 |   0.0 |       0 |      13 |   0.0 |   881
        Lair:2 |       0 |    8506 |   0.0 |       0 |      47 |   0.0 |  1356
        Lair:3 |       0 |    4999 |   0.0 |       0 |      22 |   0.0 |   940
        Lair:4 |       0 |    6726 |   0.0 |       0 |      25 |   0.0 |   586
        Lair:5 |       0 |    4479 |   0.0 |       0 |      21 |   0.0 |   974
         Orc:1 |       0 |    1022 |   0.0 |       0 |      22 |   0.0 |   280
       Ossuary |       0 |     464 |   0.0 |       0 |      13 |   0.0 |   405
       Volcano |       0 |    3510 |   0.0 |       0 |      15 |   0.0 |   581
               +---------+---------+-------+---------+---------+-------+---------

Vault maps used:
D:1:      onia_arrival_larder
D:2:      overflow_temple_1_default, fiery_altar_vehumet,
          gammafunk_temple_overflow_arena, nicolae_ru_path_of_blood
D:3:      grunt_gozag_breadcrumbs, marbit_many_paths, first_bread, uniq_sigmund
D:4:      lemuel_crystal_altar, temple_hall, serial_shops, shop_statue,
          kennysheep_mini_moat, nicolae_shop_crystal, kennysheep_little_box,
          shop, minmay_misc_feat_cross
D:5:      lemuel_crystal_altar, lemuel_crystal_altar
D:6:      old_standard_altar, grunt_ministairs_11, amethyst_killhole
D:7:      kennysheep_orc_sif_temple, lemuel_doored_altar,
          nicolae_ossuary_entry_ruins, the_bakery
D:8:      lemuel_crystal_altar, lemuel_round_altar, uniq_joseph
D:9:      serial_shops, nicolae_shop_statue_plus, nicolae_water_bricks,
          uniq_psyche
D:10:     argonaut_augean_stables, grunt_lair_entry_orc_guard_hut, david_orc_4,
          fedhas_altar_3
Lair:1:   infiniplex_staircase_pool
Lair:2:   minmay_swamp_entry_swarm, special_room, grunt_megastairs_1
Lair:3:   st_stairs_6
Lair:4:   spider_nest_entry_web_field, lemuel_fruit_tree,
          infiniplex_staircase_pool_2, minmay_lair_oklob_chamber
Lair:5:   nicolae_volcano_entry_two_sided, minivault_27, serial_bayou_shore_a
Lair:6:   minmay_lair_end_frog_pond, dpeg_slime_entry_enclosed_altar
Orc:1:    uniq_harold, uniq_nergalle
Ossuary:  ossuary_kennysheep_city_of_the_dead
Volcano:  volcano_grotto
